 Dungeon Sprint DCSS version 0.27-a0-1565-gad902ab807 (webtiles) character file.

Game seed: 6803206851064888522

27993 mhtbhm the Hoplite (level 13, -2/132 HPs)
             Began as a Minotaur Fighter on July 16, 2021.
             Was the Champion of Qazlal.
             Slain by a nagaraja (6 damage)
             ... in the Dungeon (Sprint VII: "The Pits").
             The game lasted 00:05:12 (3036 turns).

mhtbhm the Hoplite (Minotaur Fighter)               Turns: 3036, Time: 00:05:13

Health: -2/132     AC: 29    Str: 25    XL:     13   Next: 7%
Magic:  1/20       EV:  9    Int:  5    God:    Qazlal [******]
Gold:   75         SH: 25    Dex: 11    Spells: 12/12 levels left

rFire    . . .     SeeInvis +   a - +2 war axe (vorpal)
rCold    . . .     Faith    .   c - +0 kite shield
rNeg     . . .     Spirit   .   b - +3 plate armour
rPois    .         Reflect  .   (helmet restricted)
rElec    +         Harm     .   q - +1 cloak {Will+}
rCorr    .         Rampage  .   A - +0 pair of gloves
Will     +....     NoTele   +   p - +0 pair of boots
Stlth    ..........             (no amulet)
HPRegen  0.32/turn              n - +3 ring of protection
MPRegen  0.17/turn              x - ring of see invisible

@: lethally poisoned (-2 -> -19), protected from electricity, studying Stealth,
repel missiles
A: horns 2, retaliatory headbutt
a: Renounce Religion, Upheaval, Elemental Force, Disaster Area


You were in the Dungeon.
You worshipped Qazlal.
Qazlal was exalted by your worship.
You visited 1 branch You collected 75 gold pieces.

Inventory:

Hand Weapons
 a - a +2 vorpal war axe (weapon)
Armour
 b - a +3 plate armour (worn)
 c - a +0 kite shield (worn)
 p - a +0 pair of boots (worn)
 q - a +1 cloak of willpower (worn)
 A - a +0 pair of gloves (worn)
Jewellery
 n - a +3 ring of protection (left hand)
 x - a ring of see invisible (right hand)
 y - a ring of fire
Scrolls
 j - a scroll of blinking
 l - 5 scrolls of amnesia
 m - a scroll of summoning
 r - 3 scrolls of fear
 s - 2 scrolls of enchant weapon
 t - 7 scrolls of enchant armour
 u - a scroll of fog
 v - a scroll of identify
Potions
 d - 3 potions of might
 e - 10 potions of curing
 f - 8 potions of heal wounds
 g - 6 potions of haste
 h - 4 potions of magic
 i - 4 potions of berserk rage
 k - 2 potions of invisibility
 w - a potion of mutation
 z - a potion of brilliance


   Skills:
 + Level 17.0 Fighting
 + Level 18.5 Axes
 + Level 15.9 Armour
 + Level 5.4 Dodging
 + Level 1.5 Stealth
 + Level 22.2 Shields
 * Level 11.2 Invocations


You had 12 spell levels left.
You didn't know any spells.
Your spell library contained the following spells:

 Spells                   Type           Power      Damage    Failure   Level
 Animate Skeleton         Necr           0%         N/A       98%         1
 Apportation              Tloc           0%         N/A       98%         1
 Corona                   Hex            0%         N/A       98%         1
 Summon Small Mammal      Summ           0%         N/A       98%         1
 Summon Guardian Golem    Hex/Summ       0%         N/A       100%        3
 Orb of Destruction       Conj           0%         N/A       100%        7
 Spellforged Servitor     Conj/Summ      0%         N/A       100%        7


Dungeon Overview and Level Annotations

Branches:
Dungeon (1/1)

Altars:
Ashenzari
Cheibriados
Dithmenos
Elyvilon
Fedhas
Gozag
Hepliaklqana
Kikubaaqudgha
Makhleb
Nemelex Xobeh
Okawaru
Qazlal
Ru
Sif Muna
Trog
Uskayaw
Vehumet
Wu Jian
Xom
Yredelemnul
Zin
The Shining One
Beogh
Jiyva
Lugonu

Annotations:
D Agnes


Innate Abilities, Weirdness & Mutations

You have a pair of horns on your head.
You reflexively headbutt those who attack you in melee.


Message History

You block the harpy's attack. x2
Unknown command.
You closely miss the harpy.
The harpy is severely wounded.
The harpy is engulfed in blazing flames.
You block the harpy's attack. x2
The harpy is engulfed in blazing flames.
Unknown command.
Unknown command.
You aren't carrying any items that you can evoke.
Unknown command.
You feel much better. You block the harpy's attack. x2
The nagaraja spits poison at you.
The splash of poison hits you but does no damage.
You are poisoned.
The harpy is struck by lightning.
You kill the harpy!
Qazlal accepts your kill.
Unknown command.
Okay, then.
Clouds arounds you coalesce and take form!
You feel very sick. The nagaraja casts a spell at you.
The bolt of poison hits you!!
You are more poisoned.
* * * LOW HITPOINT WARNING * * *
The bolt of poison hits your fire elemental.
Your fire elemental completely resists.
Unknown command.
You feel much better.
You feel very sick.
The nagaraja hits you with a staff of air!
* * * LOW HITPOINT WARNING * * *
You are electrocuted!
* * * LOW HITPOINT WARNING * * *
Your resistance to fire fades away.
You feel protected from electricity. You block the nagaraja's attack.
The nagaraja hits you with a staff of air.
You die...

#....................''......
#..################..##..#...
#..# #.# #.#..##...... #..# #.#
#.##..##...... #..# #s# #=#
#..####''## #..# #k# #3#
#..####÷'## #..# #Y#T#
#..##...... #..#########N######..
#.#)##. #####..........†@EE......
#.#..'. __.##.........○E§........
#.'.[#. __.###########++#########
#.#[.+.
...###########++###########.+..#.
##'##................##..##.##+#.
)'.##......#..#......##..##......
##.##................''..########
....'................''..########
#####......#..#......##...†......


You could see an emperor scorpion, a nagaraja (fast, catching breath, ally
target), a death yak, a lindwurm, a troll, a smoke demon, 2 friendly water
elementals and a friendly fire elemental (summoned).

Vanquished Creatures
  A bone dragon (D)
  An ophan (D)
  A green death (D)
  Snorg (D)
  A spriggan air mage (D)
  An anaconda (D)
  A merfolk avatar (D)
  A death knight (D)
  A dancing weapon (D)
  4 death yaks (D)
  A two-headed ogre (D)
  An orc high priest (D)
  2 sixfirhies (D)
  A sea snake (D)
  A bog body (D)
  3 harpies (D)
  A deep elf pyromancer (D)
  3 manticores (D)
  2 cyclopes (D)
  A guardian serpent (D)
  An elephant (D)
  A molten gargoyle (D)
  2 cane toads (D)
  A smoke demon (D)
  2 freezing wraiths (D)
  An efreet (D)
  An unseen horror (D)
  2 komodo dragons (D)
  A demonic crawler (D)
  A troll (D)
  A jumping spider (D)
  A merfolk (D)
  2 tyrant leeches (D)
  11 dream sheep (D)
  3 slime creatures (D)
  A flying skull (D)
  3 redbacks (D)
  A spriggan (D)
  A wyvern (D)
  A fire elemental (D)
  4 vampire mosquitoes (D)
  A warg (D)
  3 orc warriors (D)
  An ice beast (D)
  A floating eye (D)
  4 wolves (D)
  A gnoll sergeant (D)
  A scorpion (D)
  2 quasits (D)
  2 iron imps (D)
  A hound (D)
  A gnoll shaman (D)
  Crazy Yiuf (D)
  Jessica (D)
  8 gnolls (D)
  4 river rats (D)
  A white imp (D)
  An ufetubus (D)
  3 orcs (D)
  A ball python (D)
  4 bats (D)
  3 goblins (D)
  3 jackals (D)
  A bat simulacrum (D)
  4 frilled lizards (D)
  A giant cockroach zombie (D)
  A quokka zombie (D)
  2 rats (D)
128 creatures vanquished.

Notes
Turn   | Place    | Note
-------+----------+-------------------------------------------
     0 | D        | mhtbhm the Minotaur Fighter began the quest for the Orb.
     0 | D        | Reached XP level 1. HP: 19/19 MP: 0/0
    20 | D        | Found a bloodstained altar of Trog.
    20 | D        | Found a shimmering blue altar of Sif Muna.
    20 | D        | Found a viscous altar of Jiyva.
    20 | D        | Found a hazy altar of Hepliaklqana.
    20 | D        | Found an opulent altar of Gozag.
    21 | D        | Found a glowing golden altar of the Shining One.
    21 | D        | Found a glowing silver altar of Zin.
    21 | D        | Found a basalt altar of Yredelemnul.
    21 | D        | Found a shimmering altar of Xom.
    21 | D        | Found an ornate altar of the Wu Jian Council.
    21 | D        | Found a sacrificial altar of Ru.
    21 | D        | Found a stormy altar of Qazlal.
    21 | D        | Found an iron altar of Okawaru.
    21 | D        | Found a sparkling altar of Nemelex Xobeh.
    21 | D        | Found a burning altar of Makhleb.
    21 | D        | Found a blossoming altar of Fedhas.
    21 | D        | Found a white marble altar of Elyvilon.
    21 | D        | Found a shadowy altar of Dithmenos.
    21 | D        | Found a snail-covered altar of Cheibriados.
    23 | D        | Found a radiant altar of Vehumet.
    23 | D        | Found a corrupted altar of Lugonu.
    24 | D        | Found a hide-covered altar of Uskayaw.
    24 | D        | Found an ancient bone altar of Kikubaaqudgha.
    24 | D        | Found a broken altar of Ashenzari.
    34 | D        | Became a worshipper of Qazlal Stormbringer
    79 | D        | Reached skill level 4 in Shields
    80 | D        | Noticed a floating eye
    81 | D        | Reached * piety under Qazlal
    82 | D        | Paralysed by a floating eye for 4 turns
    87 | D        | Killed a floating eye
    88 | D        | Reached skill level 6 in Shields
    88 | D        | Reached XP level 2. HP: 31/31 MP: 1/1
    88 | D        | Reached XP level 3. HP: 38/38 MP: 2/2
    88 | D        | Reached XP level 4. HP: 45/45 MP: 3/3
   100 | D        | Reached ** piety under Qazlal
   110 | D        | Reached *** piety under Qazlal
   113 | D        | Reached skill level 5 in Axes
   324 | D        | Noticed Jessica
   325 | D        | Noticed a gnoll sergeant
   332 | D        | Reached skill level 7 in Shields
   332 | D        | Reached XP level 5. HP: 45/52 MP: 4/4
   345 | D        | Reached **** piety under Qazlal
   347 | D        | Reached skill level 1 in Dodging
   347 | D        | Reached skill level 8 in Shields
   350 | D        | Killed Jessica
   350 | D        | Reached ***** piety under Qazlal
   351 | D        | Reached XP level 6. HP: 58/62 MP: 5/5
   359 | D        | Reached skill level 9 in Shields
   382 | D        | Noticed a flying skull
   406 | D        | Killed a flying skull
   407 | D        | Reached skill level 10 in Shields
   576 | D        | Noticed a demonic crawler
   594 | D        | Killed a demonic crawler
   595 | D        | Reached skill level 10 in Axes
   595 | D        | Reached skill level 11 in Shields
   595 | D        | Reached XP level 7. HP: 41/71 MP: 6/6
   742 | D        | Reached ****** piety under Qazlal
   754 | D        | Noticed a death yak
   754 | D        | Noticed a merfolk
   768 | D        | Killed a death yak
   769 | D        | Reached skill level 10 in Fighting
   769 | D        | Reached skill level 10 in Armour
   769 | D        | Reached skill level 12 in Shields
   769 | D        | Reached XP level 8. HP: 64/80 MP: 7/7
   771 | D        | Killed a merfolk
   772 | D        | Reached skill level 1 in Stealth
   772 | D        | Reached skill level 13 in Shields
   892 | D        | Noticed a cane toad
   898 | D        | Killed a cane toad
   903 | D        | Noticed a komodo dragon
   908 | D        | Noticed a troll
   910 | D        | Killed a komodo dragon
   911 | D        | Reached skill level 14 in Shields
   911 | D        | Reached XP level 9. HP: 65/89 MP: 8/8
   918 | D        | Killed a troll
  1020 | D        | Noticed an efreet
  1030 | D        | Killed an efreet
  1203 | D        | Noticed a sea snake
  1210 | D        | Killed a sea snake
  1211 | D        | Reached skill level 15 in Shields
  1218 | D        | Noticed a manticore
  1226 | D        | Killed a manticore
  1236 | D        | Noticed Crazy Yiuf
  1236 | D        | Noticed a tyrant leech
  1240 | D        | Killed Crazy Yiuf
  1260 | D        | Killed a tyrant leech
  1261 | D        | Reached XP level 10. HP: 90/97 MP: 9/9
  1288 | D        | Noticed a cane toad
  1293 | D        | Reached skill level 16 in Shields
  1293 | D        | Killed a cane toad
  1315 | D        | Reached skill level 15 in Axes
  1321 | D        | Noticed a manticore
  1322 | D        | Noticed a cyclops
  1322 | D        | Noticed a guardian serpent
  1322 | D        | Noticed a sixfirhy
  1328 | D        | Killed a sixfirhy
  1330 | D        | Killed a manticore
  1331 | D        | Reached skill level 17 in Shields
  1337 | D        | Killed a guardian serpent
  1341 | D        | Killed a cyclops
  1582 | D        | Noticed a cyclops
  1583 | D        | Noticed a death yak
  1583 | D        | Noticed a manticore
  1587 | D        | Noticed an orc high priest
  1595 | D        | Killed a cyclops
  1596 | D        | Reached skill level 18 in Shields
  1596 | D        | Reached XP level 11. HP: 46/107 MP: 10/10
  1604 | D        | Reached skill level 5 in Dodging
  1604 | D        | Reached skill level 1 in Invocations
  1610 | D        | Killed an orc high priest
  1611 | D        | Killed a death yak
  1615 | D        | Reached skill level 19 in Shields
  1900 | D        | Noticed Snorg
  1911 | D        | Killed Snorg
  2118 | D        | Noticed a two-headed ogre
  2125 | D        | Reached skill level 5 in Invocations
  2129 | D        | Killed a two-headed ogre
  2251 | D        | Reached skill level 20 in Shields
  2257 | D        | Noticed a bog body
  2262 | D        | Killed a bog body
  2263 | D        | Reached skill level 15 in Fighting
  2277 | D        | Reached XP level 12. HP: 121/121 MP: 16/16
  2617 | D        | Noticed a spriggan air mage
  2617 | D        | Noticed a green death
  2617 | D        | Noticed an anaconda
  2618 | D        | Found the +13 scythe of Curses {drain, Drain}
  2618 | D        | Noticed a merfolk avatar
  2618 | D        | Noticed a bone dragon
  2620 | D        | Killed a green death
  2620 | D        | Killed a spriggan air mage
  2631 | D        | Killed an anaconda
  2632 | D        | Reached skill level 15 in Armour
  2632 | D        | Reached skill level 21 in Shields
  2646 | D        | Killed a merfolk avatar
  2650 | D        | Killed a bone dragon
  3000 | D        | Noticed a death yak
  3000 | D        | Noticed a death knight
  3000 | D        | Noticed an ophan
  3000 | D        | Noticed a death yak
  3004 | D        | Killed a death knight
  3006 | D        | Noticed Agnes
  3007 | D        | Noticed a death yak
  3013 | D        | Reached skill level 10 in Invocations
  3017 | D        | Killed a death yak
  3017 | D        | Noticed a death yak
  3018 | D        | Reached skill level 22 in Shields
  3021 | D        | Noticed a nagaraja
  3024 | D        | Killed an ophan
  3028 | D        | Killed a death yak
  3029 | D        | Reached XP level 13. HP: 29/132 MP: 6/20
  3036 | D        | HP: 4/132 [nagaraja (9)]
  3036 | D        | Slain by a nagaraja

Illustrated notes

Levels and vault maps discovered:
D:        pitsprint [storerooms_1, entrance_room_1, metal_vault_6, armoury_1,
          mini_pit_1, grid_room_1, main_hall_1, silver_pit, the_coven_1,
          the_vestibule_1, steel_vault_2, golden_pit, hallway_of_sentries,
          crystal_vault_1, iron_vault_3, final_vault]

Skill      XL: |  1  2  3  4  5  6  7  8  9 10 11 12 13 |
---------------+----------------------------------------+-----
Fighting       | 6 7 8 9 10 11 12 13 15 17 | 17.0
Armour         | 6 7 8 9 10 11 12 13 14 15 | 15.9
Shields        | 6 7 8 11 12 14 15 18 20 22 | 22.2
Axes           | 4 5 7 10 11 12 14 16 17 18 | 18.5
Dodging        | 1 2 3 4 5 |  5.4
Stealth        | 1 |  1.5
Invocations    | 7 10 11 | 11.2

Action                   |  1- 3 |  4- 6 |  7- 9 | 10-12 | 13-15 || total
-------------------------+-------+-------+-------+-------+-------++-------
Melee: Hand axe          |     5 |    90 |    24 |       |       ||   119
       Headbutt          |     2 |    13 |    16 |    43 |     3 ||    77
       War axe           |     1 |       |    59 |   180 |     5 ||   245
Invok: Disaster Area     |       |       |       |     4 |       ||     4
       Elemental Force   |       |       |       |       |     1 ||     1
  Use: Potion            |       |     1 |       |     5 |     2 ||     8
Armor: Scale mail        |     1 |     5 |       |       |       ||     6
       Chain mail        |       |    49 |     1 |       |       ||    50
       Plate armour      |       |       |    13 |    87 |     3 ||   103
Dodge: Dodged            |     3 |    30 |    11 |    39 |       ||    83
       Repelled          |       |       |     1 |     2 |       ||     3
Block: Kite shield       |     2 |   119 |    58 |   207 |    10 ||   396

Table legend: (Time is in decaauts)
 A = Elapsed time spent in this place.
 B = Non-inter-level travel time spent in this place.
 C = Inter-level travel time spent in this place.
 D = Time resting spent in this place.
 E = Time spent auto-exploring this place.
 F = Levels seen in this place.
 G = Mean time per level.
                   A        B        C        D        E       F      G
               +--------+--------+--------+--------+--------+-----+--------+
         Total |   2972 |   2972 |      0 |   1699 |    230 |   1 | 2972.0 |
       Dungeon |   2972 |   2972 |      0 |   1699 |    230 |   1 | 2972.0 |
               +--------+--------+--------+--------+--------+-----+--------+

Top non-repeatable levels by time:
       D: 2972 daAuts
